 Dungeon Crawl Stone Soup version 0.23.2-40-g277498a (webtiles) character file.

Game seed: 8658148234921790201

4041 Fang the Fighter (level 10, -1/65 HPs)
             Began as a Gargoyle Berserker on Aug 29, 2019.
             Was a High Priest of Trog.
             Slain by an orc warrior
             ... wielding a +6 quarterstaff of crushing
              (5 damage)
             ... on level 7 of the Dungeon on Sept 3, 2019.
             The game lasted 00:11:10 (9170 turns).

Fang the Fighter (Gargoyle Berserker)               Turns: 9170, Time: 00:11:10

Health: -1/65      AC: 18    Str: 24    XL:     10   Next: 24%
Magic:  10/10      EV: 11    Int:  8    God:    Trog [*****.]
Gold:   444        SH:  0    Dex:  9    Spells: 9/9 levels left

rFire    . . .     SeeInvis .   a - +0 hand axe
rCold    . . .     Gourm    .   (no shield)
rNeg     + . .     Faith    .   b - +0 chain mail
rPois    ∞         Spirit   .   (no helmet)
rElec    +         Reflect  .   (no cloak)
rCorr    .         Harm     .   (no gloves)
MR       .....     Rnd*Tele +   (no boots)
Stlth    ..........             H - amulet of the acrobat
HPRegen  0.20/turn              L - ring of teleportation (curse)
MPRegen  0.12/turn              m - ring of attention (curse)

@: berserk cooldown, slowed, very slow
A: negative energy resistance 1, electricity resistance, unbreathing,
petrification resistance, rot immunity, AC +7
a: Berserk, Trog's Hand, Brothers in Arms, Renounce Religion


You were on level 7 of the Dungeon.
You worshipped Trog.
Trog was extremely pleased with you.
You were very hungry.

You visited 2 branches of the dungeon, and saw 8 of its levels.
You also visited: Sewer.

You collected 444 gold pieces.

Inventory:

Hand Weapons
 a - a +0 hand axe (weapon)
 G - a cursed +4 battleaxe of freezing
Armour
 b - a +0 chain mail (worn)
Jewellery
 g - an uncursed amulet of rage
 k - an uncursed ring of protection from magic
 m - a cursed ring of attention (right hand)
 H - an amulet of the acrobat (around neck)
 L - a cursed ring of teleportation (left hand)
Wands
 w - a wand of iceblast (14)
 z - a wand of digging (5)
 K - a wand of paralysis (8)
Scrolls
 d - 2 scrolls of amnesia {unknown}
 h - 6 scrolls of remove curse {unknown}
 n - 7 scrolls of identify {unknown}
 o - 5 scrolls of magic mapping {unknown}
 s - 2 scrolls of fog {unknown}
 x - 7 scrolls of teleportation {unknown}
 y - 5 scrolls of fear {unknown}
 A - a scroll of enchant weapon {unknown}
 E - a scroll of brand weapon {unknown}
 F - a scroll of blinking {unknown}
Potions
 e - 3 potions of haste
 f - 5 potions of curing {unknown}
 i - 2 potions of invisibility {unknown}
 j - 2 potions of degeneration {unknown}
 l - a potion of brilliance {unknown}
 p - 2 potions of experience {unknown}
 q - a potion of resistance {unknown}
 r - a potion of lignification {unknown}
 t - a potion of magic {unknown}
 u - a potion of cancellation {unknown}
 v - a potion of mutation {unknown}
 B - a potion of heal wounds {unknown}
 C - a potion of flight {unknown}
 D - a potion of might {unknown}
 I - a potion of ambrosia {unknown}
Comestibles
 c - 16 rations
 J - 3 chunks of flesh


   Skills:
 + Level 8.6 Fighting
 + Level 7.1 Axes
 + Level 8.3 Armour
 + Level 6.3 Dodging


You had 9 spell levels left.
You didn't know any spells.
Your spell library was empty.

Dungeon Overview and Level Annotations

Branches:
Dungeon (7/15)             Temple (1/1) D:4

Altars:
Ashenzari
Cheibriados
Dithmenos
Gozag
Makhleb
Trog
Zin
The Shining One

Shops:
D:4 =:=*


Innate Abilities, Weirdness & Mutations

You are resistant to torment.
Your stone body is resilient. (AC +7)
You are immune to poison.
You resist negative energy. (rN+)
You are resistant to electric shocks. (rElec)
You can survive without breathing.
You are immune to petrification.
You are immune to rotting.


Message History

You are too injured to fight recklessly!
You slash the orc warrior!
The orc warrior is heavily wounded.
The orc warrior hits you but does no damage.
You barely miss the orc warrior.
The orc warrior is heavily wounded.
The orc warrior hits you with a +6 quarterstaff of crushing.
You completely miss the orc warrior.
The orc warrior is heavily wounded.
The hound stops to sniff the ground.
The orc warrior barely misses you.
Your chain mail prevents you from hitting the orc warrior.
The orc warrior is heavily wounded.
The orc warrior misses you. x2
The crimson imp shouts, "Run away, thou lumpish ill-breeding zombie-fodder!"
You hit the orc warrior.
The orc warrior is severely wounded.
The orc warrior hits you with a +6 quarterstaff of crushing!!
* * * LOW HITPOINT WARNING * * *
You die...

#..##..####..#.#.#......##.#..#.#
...######...#..#....##..(.##.###.
#..####..#...#.#.#......####...#.
#..##...#...#..#.#....### #.#.##
#..####..#...#.#.##.### #....#
##....###...#..#..##### #.#..#
####...###..#.### #..# #.##.#
###...###.(###h.# #.##.#
#####....###(@oY.# #.##.#
#..........####5.}.# #.##'# #
#.####..##....###..# #.#... ##
#.####...####...#### #.....
.###.##...#.# ###...### #.....
..#######...#######....#####.....
....#..8#........................
......._#..########....###.......
....#..8#..# #.#.## ###.....


You could see a yak, an orc warrior, a hound and a crimson imp.

Vanquished Creatures
  A centaur warrior (D:7)
  A hornet (D:7)
  3 hungry ghosts (D:7)
  A phantom (D:7)
  An ice beast (D:7)
  2 sky beasts (D:7)
  A black bear (D:6)
  3 centaurs
  5 ogres
  2 big kobolds (Sewer)
  Blork the orc (D:4)
  3 bullfrogs
  2 gnoll sergeants (D:7)
  4 wights (D:7)
  2 crimson imps (D:5)
  2 hounds (D:7)
  2 centaur zombies (D:7)
  5 orc wizards
  Crazy Yiuf (D:2)
  A bullfrog zombie (D:7)
  2 orc priests
  2 jellies
  A centaur skeleton (D:6)
  An iguana (D:7)
  5 worker ants
  A hound skeleton (D:4)
  Robin (D:2)
  11 gnolls
  9 adders
  2 river rats
  4 worms
  5 dart slugs
  4 leopard geckos
  11 orcs
  7 giant cockroaches
  13 goblins
  5 hobgoblins
  4 jackals (D:7)
  3 quokkas
  3 ball pythons
  10 bats
  3 frilled lizards
  A jackal skeleton (D:6)
  13 kobolds
  A quokka skeleton (D:6)
  17 rats
182 creatures vanquished.

Notes
Turn   | Place    | Note
-------+----------+-------------------------------------------
     0 | D:1      | Fang the Gargoyle Berserker began the quest for the Orb.
     0 | D:1      | Reached XP level 1. HP: 14/14 MP: 1/1
    77 | D:1      | Reached XP level 2. HP: 19/19 MP: 2/2
   722 | D:1      | Reached XP level 3. HP: 21/23 MP: 3/3
  1251 | D:2      | Noticed Robin
  1255 | D:2      | Reached ** piety under Trog
  1275 | D:2      | Killed Robin
  1504 | D:2      | Reached XP level 4. HP: 29/29 MP: 4/4
  1783 | D:2      | Found a snail-covered altar of Cheibriados.
  1942 | D:2      | Found a runed translucent door.
  1943 | D:2      | Noticed Crazy Yiuf
  2175 | D:2      | Killed Crazy Yiuf
  2175 | D:2      | Reached XP level 5. HP: 33/33 MP: 5/5
  2525 | D:3      | Found a burning altar of Makhleb.
  2605 | D:3      | Reached *** piety under Trog
  3106 | D:4      | Found Hehooti's Book Emporium.
  3115 | D:4      | Reached XP level 6. HP: 27/39 MP: 6/6
  3167 | D:4      | Noticed Blork the orc
  3184 | D:4      | Killed Blork the orc
  3200 | D:4      | Found Kiusto Guen's Jewellery Boutique.
  3526 | D:4      | Found a glowing silver altar of Zin.
  3564 | D:4      | Found Zusyaf's Jewellery Shop.
  3599 | D:4      | Found Cuischeu's Assorted Antiques.
  4091 | D:4      | Found a staircase to the Ecumenical Temple.
  4097 | Temple   | Entered the Ecumenical Temple
  4124 | D:5      | Entered Level 5 of the Dungeon
  4150 | D:5      | Reached skill level 5 in Fighting
  4150 | D:5      | Reached XP level 7. HP: 44/44 MP: 7/7
  4430 | D:5      | Found a glowing drain.
  4442 | Sewer    | Entered a sewer
  4660 | Sewer    | Reached skill level 5 in Armour
  4731 | Sewer    | Reached **** piety under Trog
  4973 | D:5      | Reached XP level 8. HP: 47/51 MP: 8/8
  5452 | D:5      | Reached skill level 5 in Axes
  6710 | D:7      | Reached XP level 9. HP: 56/57 MP: 9/9
  6754 | D:7      | Reached skill level 5 in Dodging
  7224 | D:7      | Found a glowing golden altar of the Shining One.
  7547 | D:7      | Found a shadowy altar of Dithmenos.
  7880 | D:7      | Paralysed by fainting for 7 turns
  8031 | D:7      | Found a bloodstained altar of Trog.
  8104 | D:7      | Noticed a hornet
  8126 | D:7      | Killed a hornet
  8581 | D:7      | Reached ***** piety under Trog
  8638 | D:7      | Found an opulent altar of Gozag.
  9090 | D:7      | Noticed a centaur warrior
  9113 | D:7      | Paralysed by fainting for 8 turns
  9138 | D:7      | Reached XP level 10. HP: 59/64 MP: 10/10
  9149 | D:7      | Killed a centaur warrior
  9149 | D:7      | Received a gift from Trog
  9170 | D:7      | Slain by an orc warrior

Skill      XL: |  1  2  3  4  5  6  7  8  9 10 |
---------------+-------------------------------+-----
Dodging        | 2 3 4 5 6 |  6.3
Axes           | 3 4 5 6 7 |  7.1
Armour         | 3 4 5 6 7 8 |  8.3
Fighting       | 4 5 7 8 |  8.6

Action                   |  1- 3 |  4- 6 |  7- 9 | 10-12 || total
-------------------------+-------+-------+-------+-------++-------
Melee: Hand axe          |   124 |   262 |   742 |    31 ||  1159
Invok: Berserk           |     1 |     2 |     8 |     1 ||    12
  Eat: Chunk             |     3 |    10 |    18 |       ||    31
       Ration            |       |       |     7 |       ||     7
Armor: Animal skin       |    21 |       |       |       ||    21
       Chain mail        |    39 |   203 |   421 |    10 ||   673
Dodge: Dodged            |    99 |   109 |   328 |    10 ||   546
